| TOP OF THE 1ST |
|
Helena Brewers batting - Pitching for Grand Junction Rockies : RHP Andy Rayer
|
|
Pitching: RHP Andy Rayer
|
|
|
Batting: RHB Nick Cummings
|
0-0: SINGLE (Groundball, 5S, EV 73.8 MPH) (infield hit)
|
|
Batting: SHB Robert Sayer
|
0-0: Ball 1-0: Called Strike Nick Cummings steals 2nd base 1-1: SINGLE (Groundball, 34D, EV 104.4 MPH) Nick Cummings to third
|
|
Batting: SHB Craig Wright
|
0-0: Called Strike 0-1: Grounds into double play, 4-6-3 (Groundball, 34, EV 81.3 MPH) Nick Cummings scores
|
|
Batting: LHB Gabe Harvey
|
0-0: Foul Ball, location: 2F 0-1: Called Strike 0-2: SINGLE (Groundball, 56S, EV 68.1 MPH) (infield hit)
|
|
Batting: RHB Josh Nelson
|
0-0: Ball 1-0: Ball 2-0: Foul Ball, location: 2F 2-1: Fly out, F8 (Flyball, 8RXD, EV 92.5 MPH)
|
| Top of the 1st over - 1 run, 3 hits, 0 errors, 1 left on base; Helena 1 - Grand Junction 0 |
| BOTTOM OF THE 1ST |
|
Grand Junction Rockies batting - Pitching for Helena Brewers : RHP Junzo Yanagisawa
|
|
Pitching: RHP Junzo Yanagisawa
|
|
|
Batting: RHB Juan Figueroa
|
0-0: Ball 1-0: Ground out 5-3 (Groundball, 56, EV 85.0 MPH)
|
|
Batting: RHB John Boyer
|
0-0: Ground out 6-3 (Groundball, 56, EV 98.1 MPH)
|
|
Batting: LHB Luke Coulter
|
0-0: Swinging Strike 0-1: Called Strike 0-2: Ball 1-2: Ball 2-2: Strikes out swinging
|
| Bottom of the 1st over - 0 runs, 0 hits, 0 errors, 0 left on base; Helena 1 - Grand Junction 0 |
| TOP OF THE 2ND |
|
Helena Brewers batting - Pitching for Grand Junction Rockies : RHP Andy Rayer
|
|
Batting: LHB Umar Matoub
|
0-0: Fly out, F8 (Flyball, 8RM, EV 97.5 MPH)
|
|
Batting: RHB Jonathan Sarles
|
0-0: Ball 1-0: Ground out 5-3 (Groundball, 5L, EV 103.1 MPH)
|
|
Batting: SHB David Lass
|
0-0: Foul Ball, location: 2F 0-1: Ball 1-1: Fly out, F6 (Flyball, 56D, EV 91.3 MPH)
|
| Top of the 2nd over - 0 runs, 0 hits, 0 errors, 0 left on base; Helena 1 - Grand Junction 0 |
| BOTTOM OF THE 2ND |
|
Grand Junction Rockies batting - Pitching for Helena Brewers : RHP Junzo Yanagisawa
|
|
Batting: LHB Chris Salim
|
0-0: Foul Ball, location: 2F 0-1: Ball 1-1: Swinging Strike 1-2: Strikes out swinging
|
|
Batting: SHB Jeff Sorrels
|
0-0: Called Strike 0-1: Hit by Pitch
|
|
Batting: RHB Doug D'Onofrio
|
0-0: Called Strike 0-1: Ball 1-1: Called Strike 1-2: Strikes out swinging
|
|
Batting: RHB Zakhar Edelman
|
0-0: SINGLE (Groundball, 6S, EV 65.6 MPH) (infield hit) Jeff Sorrels to second
|
|
Batting: LHB Harry Folsom
|
0-0: Called Strike 0-1: Ball 1-1: Foul Ball, location: 2F 1-2: Ball 2-2: Strikes out swinging
|
| Bottom of the 2nd over - 0 runs, 1 hit, 0 errors, 2 left on base; Helena 1 - Grand Junction 0 |
| TOP OF THE 3RD |
|
Helena Brewers batting - Pitching for Grand Junction Rockies : RHP Andy Rayer
|
|
Batting: RHB Leo Serrano
|
0-0: Ball 1-0: Called Strike 1-1: SINGLE (Groundball, 4MD, EV 95.6 MPH)
|
|
Batting: RHB Nick Cummings
|
0-0: Called Strike Leo Serrano steals 2nd base 0-1: Ball 1-1: Ball 2-1: Fly out, F9 (Flyball, 9D, EV 87.5 MPH) Runner from 2nd tags up, SAFE at 3rd, no throw by RF
|
|
Batting: SHB Robert Sayer
|
0-0: Called Strike 0-1: Foul Ball, location: 2F 0-2: Ground out 6-3 (Groundball, 6M, EV 108.1 MPH) Leo Serrano scores
|
|
Batting: SHB Craig Wright
|
0-0: Ball 1-0: Called Strike 1-1: Called Strike 1-2: Ball 2-2: Ground out U3 (Groundball, 3, EV 89.4 MPH)
|
| Top of the 3rd over - 1 run, 1 hit, 0 errors, 0 left on base; Helena 2 - Grand Junction 0 |
| BOTTOM OF THE 3RD |
|
Grand Junction Rockies batting - Pitching for Helena Brewers : RHP Junzo Yanagisawa
|
|
Batting: RHB Bryce Hickman
|
0-0: Ball 1-0: Called Strike 1-1: Ball 2-1: Ball 3-1: Ground out 6-3 (Groundball, 6M, EV 105.6 MPH)
|
|
Batting: RHB Juan Figueroa
|
0-0: Called Strike 0-1: Foul Ball, location: 2F 0-2: Ball 1-2: Ball 2-2: Ground out 5-3 (Groundball, 56S, EV 92.5 MPH)
|
|
Batting: RHB John Boyer
|
0-0: Ball 1-0: Ball 2-0: Foul Ball, location: 2F 2-1: Foul Ball, location: 2F 2-2: Foul Ball, location: 2F 2-2: Ball 3-2: Fly out, F7 (Flyball, 78M, EV 87.5 MPH)
|
| Bottom of the 3rd over - 0 runs, 0 hits, 0 errors, 0 left on base; Helena 2 - Grand Junction 0 |
| TOP OF THE 4TH |
|
Helena Brewers batting - Pitching for Grand Junction Rockies : RHP Andy Rayer
|
|
Batting: LHB Gabe Harvey
|
0-0: Called Strike 0-1: Ball 1-1: Called Strike 1-2: Foul Ball, location: 2F 1-2: Foul Ball, location: 2F 1-2: Foul Ball, location: 2F 1-2: SINGLE (Groundball, 6MD, EV 84.4 MPH) (infield hit)
|
|
Batting: RHB Josh Nelson
|
0-0: Ball 1-0: Ball 2-0: Called Strike 2-1: 2-RUN HOME RUN (Flyball, 9D, EV 105.0 MPH), Distance : 393 ft
|
|
Batting: LHB Umar Matoub
|
0-0: Ball 1-0: Called Strike 1-1: SINGLE (Line Drive, 9LS, EV 108.8 MPH)
|
|
Batting: RHB Jonathan Sarles
|
0-0: Called Strike Balk! Umar Matoub to second 0-1: TRIPLE (Line Drive, 89XD, EV 110.0 MPH) Umar Matoub scores
|
|
Batting: SHB David Lass
|
0-0: Reached on error, E4 (Groundball, 34D, EV 83.8 MPH) Jonathan Sarles scores
|
|
Batting: RHB Leo Serrano
|
0-0: Ball David Lass steals 2nd, throwing error, E2 David Lass to third 1-0: Foul Ball, location: 2F 1-1: Ball 2-1: Swinging Strike 2-2: Fly out, F9 (Line Drive, 9, EV 101.3 MPH)
|
|
Batting: RHB Nick Cummings
|
0-0: Ball 1-0: Ground out 4-3 (Groundball, 6M, EV 82.5 MPH) David Lass scores
|
|
Batting: SHB Robert Sayer
|
0-0: Hit by Pitch
|
|
Batting: SHB Craig Wright
|
0-0: Called Strike Robert Sayer steals 2nd base Balk! Robert Sayer to third 0-1: 2-RUN HOME RUN (Flyball, 9D, EV 102.5 MPH), Distance : 393 ft
|
|
Pitching: LHP Jason Ryan
|
|
|
Batting: LHB Gabe Harvey
|
0-0: Foul Ball, location: 2F 0-1: Swinging Strike 0-2: Ball 1-2: Ball 2-2: Ball 3-2: Ground out 4-3 (Groundball, 4MS, EV 66.9 MPH)
|
| Top of the 4th over - 7 runs, 5 hits, 2 errors, 0 left on base; Helena 9 - Grand Junction 0 |
| BOTTOM OF THE 4TH |
|
Grand Junction Rockies batting - Pitching for Helena Brewers : RHP Junzo Yanagisawa
|
|
Batting: LHB Luke Coulter
|
0-0: Ball 1-0: Ball 2-0: Foul Ball, location: 2F 2-1: Ground out U3 (Groundball, 3S, EV 81.9 MPH)
|
|
Batting: LHB Chris Salim
|
0-0: Swinging Strike 0-1: Ball 1-1: SOLO HOME RUN (Flyball, 89XD, EV 116.3 MPH), Distance : 463 ft
|
|
Batting: SHB Jeff Sorrels
|
0-0: Called Strike 0-1: Ball 1-1: Swinging Strike 1-2: Ball 2-2: Ball 3-2: Base on Balls
|
|
Batting: RHB Doug D'Onofrio
|
0-0: Called Strike 0-1: Ball 1-1: Ball 2-1: Fly out, F7 (Flyball, 7LD, EV 96.3 MPH)
|
|
Batting: RHB Zakhar Edelman
|
0-0: Ball 1-0: Called Strike 1-1: Foul Ball, location: 2F 1-2: Ball 2-2: Ball 3-2: DOUBLE (Line Drive, 8LXD, EV 112.5 MPH) Jeff Sorrels to third Jeff Sorrels scores
|
|
Batting: LHB Harry Folsom
|
0-0: Called Strike 0-1: Ball 1-1: Ball 2-1: Ball 3-1: Foul Ball, location: 2F 3-2: Foul Ball, location: 2F 3-2: SINGLE (Line Drive, 56D, EV 96.3 MPH) Zakhar Edelman to third Runner from 3rd tries for Home, SAFE, throw by LF to home
|
|
Batting: RHB Bryce Hickman
|
0-0: Fly out, F8 (Flyball, 8RD, EV 101.9 MPH)
|
| Bottom of the 4th over - 3 runs, 3 hits, 0 errors, 1 left on base; Helena 9 - Grand Junction 3 |
| TOP OF THE 5TH |
|
Helena Brewers batting - Pitching for Grand Junction Rockies : LHP Jason Ryan
|
|
Batting: RHB Josh Nelson
|
0-0: Ground out U3 (Groundball, 3, EV 88.8 MPH)
|
|
Batting: LHB Umar Matoub
|
0-0: Ball 1-0: Foul Ball, location: 2F 1-1: Ball 2-1: Ball 3-1: Called Strike 3-2: Base on Balls
|
|
Batting: RHB Jonathan Sarles
|
0-0: Fielders Choice at 2nd, 5-4 (Groundball, 56, EV 83.1 MPH)
|
|
Batting: SHB David Lass
|
0-0: Ball Balk! Jonathan Sarles to second 1-0: Ball 2-0: Ball 3-0: Called Strike 3-1: Called Strike 3-2: SINGLE (Groundball, 6S, EV 66.3 MPH) (infield hit) Jonathan Sarles to third
|
|
Batting: RHB Leo Serrano
|
0-0: Called Strike 0-1: Swinging Strike 0-2: Ball David Lass is caught stealing 2nd base 2-4
|
| Top of the 5th over - 0 runs, 1 hit, 0 errors, 1 left on base; Helena 9 - Grand Junction 3 |
| BOTTOM OF THE 5TH |
|
Grand Junction Rockies batting - Pitching for Helena Brewers : RHP Junzo Yanagisawa
|
|
Batting: RHB Juan Figueroa
|
0-0: Swinging Strike 0-1: Foul Ball, location: 2F 0-2: Foul Ball, location: 2F 0-2: Foul Ball, location: 2F 0-2: Strikes out swinging
|
|
Pitching: RHP Addick Huiberts
|
|
|
Batting: RHB John Boyer
|
0-0: Ball 1-0: Foul Ball, location: 2F 1-1: Ball 2-1: Ball 3-1: Foul Ball, location: 2F 3-2: Foul Ball, location: 2F 3-2: Base on Balls
|
|
Batting: LHB Luke Coulter
|
0-0: Ball 1-0: Called Strike 1-1: SINGLE (Groundball, 6, EV 93.8 MPH) John Boyer to second
|
|
Batting: LHB Chris Salim
|
0-0: Fly out, F8 (Flyball, 8RS, EV 87.5 MPH)
|
|
Batting: SHB Jeff Sorrels
|
0-0: Called Strike 0-1: Foul Ball, location: 2F 0-2: SINGLE (Groundball, 5D, EV 101.9 MPH) John Boyer to third Luke Coulter to second Runner from 3rd tries for Home, SAFE, throw by LF to home
|
|
Batting: RHB Doug D'Onofrio
|
0-0: Called Strike 0-1: Swinging Strike 0-2: Ball 1-2: Strikes out swinging
|
| Bottom of the 5th over - 1 run, 2 hits, 0 errors, 2 left on base; Helena 9 - Grand Junction 4 |
| TOP OF THE 6TH |
|
Helena Brewers batting - Pitching for Grand Junction Rockies : LHP Jason Ryan
|
|
Batting: RHB Leo Serrano
|
0-0: Foul Ball, location: 2F 0-1: Reaches on Catchers interference
|
|
Batting: RHB Nick Cummings
|
0-0: Fly out, F8 (Line Drive, 8RM, EV 103.1 MPH)
|
|
Batting: SHB Robert Sayer
|
0-0: Called Strike 0-1: Ball Leo Serrano steals 2nd base 1-1: Ball 2-1: Swinging Strike 2-2: Ball 3-2: Base on Balls
|
|
Batting: SHB Craig Wright
|
0-0: Called Strike Leo Serrano steals 3rd base Robert Sayer to second 0-1: Foul Ball, location: 2F 0-2: Fly out, F8 (Flyball, 78D, EV 84.4 MPH) Runner from 3rd tags up, SCORES, throw by CF Robert Sayer to third
|
|
Batting: LHB Gabe Harvey
|
0-0: SINGLE (Groundball, 4MD, EV 108.8 MPH) Robert Sayer scores
|
|
Batting: RHB Josh Nelson
|
0-0: Called Strike 0-1: Fielders Choice at 2nd, 6-4 (Groundball, 6, EV 83.1 MPH)
|
| Top of the 6th over - 2 runs, 1 hit, 1 error, 1 left on base; Helena 11 - Grand Junction 4 |
| BOTTOM OF THE 6TH |
|
Grand Junction Rockies batting - Pitching for Helena Brewers : RHP Addick Huiberts
|
|
Batting: RHB Zakhar Edelman
|
0-0: Foul Ball, location: 2F 0-1: Swinging Strike 0-2: Ball 1-2: SINGLE (Groundball, 6, EV 95.0 MPH)
|
|
Batting: LHB Harry Folsom
|
0-0: Ball Zakhar Edelman steals 2nd base (no throw) 1-0: Ball 2-0: Foul Ball, location: 2F 2-1: Swinging Strike 2-2: Strikes out swinging
|
|
Batting: RHB Bryce Hickman
|
0-0: Ball 1-0: Ball 2-0: Ball Wild Pitch! Zakhar Edelman to third 3-0: Base on Balls
|
|
Batting: RHB Juan Figueroa
|
0-0: Ball 1-0: Ball 2-0: Foul Ball, location: 2F 2-1: Ball 3-1: Base on Balls Bryce Hickman to second
|
|
Batting: RHB John Boyer
|
0-0: Swinging Strike 0-1: SINGLE (Line Drive, 6MD, EV 98.1 MPH) Zakhar Edelman scores Bryce Hickman to third Juan Figueroa to second Runner from 3rd tries for Home, SAFE, throw by CF to home
|
|
Pitching: RHP Dave Hotaling
|
|
|
Batting: LHB Luke Coulter
|
0-0: Called Strike 0-1: Ball 1-1: Ball 2-1: Foul Ball, location: 2F 2-2: Strikes out swinging
|
|
Batting: LHB Chris Salim
|
0-0: Called Strike 0-1: Ball 1-1: Ball 2-1: Ball 3-1: 3-RUN HOME RUN (Flyball, 7D, EV 97.5 MPH), Distance : 383 ft
|
|
Batting: SHB Jeff Sorrels
|
0-0: Ball 1-0: Ball 2-0: Ball 3-0: Base on Balls
|
|
Batting: RHB Doug D'Onofrio
|
0-0: Foul Ball, location: 2F 0-1: Foul Ball, location: 2F 0-2: Ball 1-2: Foul Ball, location: 2F 1-2: Ball 2-2: SINGLE (Groundball, 56D, EV 106.3 MPH) (infield hit) Jeff Sorrels to second
|
|
Batting: RHB Zakhar Edelman
|
0-0: Ball 1-0: Swinging Strike Passed Ball! Jeff Sorrels to third Doug D'Onofrio to second 1-1: Swinging Strike 1-2: Ground out 5-3 (Groundball, 56, EV 80.6 MPH)
|
| Bottom of the 6th over - 5 runs, 4 hits, 0 errors, 2 left on base; Helena 11 - Grand Junction 9 |
| TOP OF THE 7TH |
|
Helena Brewers batting - Pitching for Grand Junction Rockies : LHP Jason Ryan
|
|
Batting: LHB Umar Matoub
|
0-0: Called Strike 0-1: Ball 1-1: SINGLE (Line Drive, 6MD, EV 98.8 MPH)
|
|
Batting: RHB Jonathan Sarles
|
0-0: Ball 1-0: Ball Balk! Umar Matoub to second 2-0: DOUBLE (Line Drive, 78XD, EV 106.9 MPH) Umar Matoub scores
|
|
Batting: SHB David Lass
|
0-0: Ball 1-0: Foul Ball, location: 2F 1-1: Called Strike 1-2: Fly out, F8 (Flyball, 8LXD, EV 103.1 MPH) Runner from 2nd tags up, SAFE at 3rd, no throw by CF
|
|
Batting: RHB Leo Serrano
|
0-0: Foul Ball, location: 2F 0-1: Ball 1-1: Ball 2-1: Fly out, F9 (Line Drive, 9, EV 93.1 MPH)
|
|
Batting: RHB Nick Cummings
|
0-0: Ball 1-0: Ball 2-0: Fly out, F9 (Flyball, 9LM, EV 96.3 MPH)
|
| Top of the 7th over - 1 run, 2 hits, 0 errors, 1 left on base; Helena 12 - Grand Junction 9 |
| BOTTOM OF THE 7TH |
|
Grand Junction Rockies batting - Pitching for Helena Brewers : RHP Dave Hotaling
|
|
Batting: LHB Harry Folsom
|
0-0: Swinging Strike 0-1: Ball 1-1: Called Strike 1-2: Foul Ball, location: 7LSF, Error on foul ball, E7 1-2: Foul Ball, location: 2F 1-2: Ball 2-2: Strikes out swinging
|
|
Batting: RHB Bryce Hickman
|
0-0: Called Strike 0-1: Foul Ball, location: 2F 0-2: Strikes out swinging
|
|
Batting: RHB Juan Figueroa
|
0-0: Ball 1-0: DOUBLE (Line Drive, 9LS, EV 96.9 MPH)
|
|
Batting: RHB John Boyer
|
0-0: Ball 1-0: Ball 2-0: Swinging Strike 2-1: Called Strike 2-2: SINGLE (Groundball, 56D, EV 100.0 MPH) Juan Figueroa to third Runner from 3rd tries for Home, SAFE, throw by LF to home John Boyer to second
|
|
Batting: LHB Luke Coulter
|
0-0: SINGLE (Line Drive, 5D, EV 100.6 MPH) John Boyer to third Runner from 3rd tries for Home, SAFE, throw by LF to home
|
|
Pitching: RHP Alejandro Souto
|
|
|
Batting: LHB Chris Salim
|
0-0: Ball Wild Pitch! Luke Coulter to second 1-0: SINGLE (Line Drive, 6MD, EV 108.1 MPH) Luke Coulter to third
|
|
Batting: SHB Jeff Sorrels
|
0-0: Ball 1-0: Foul Ball, location: 2F 1-1: Ball 2-1: Foul Ball, location: 2F 2-2: Ball 3-2: Strikes out swinging
|
| Bottom of the 7th over - 2 runs, 4 hits, 1 error, 2 left on base; Helena 12 - Grand Junction 11 |
| TOP OF THE 8TH |
|
Helena Brewers batting - Pitching for Grand Junction Rockies : LHP Jason Ryan
|
|
Batting: SHB Robert Sayer
|
0-0: Ball 1-0: Ball 2-0: Foul Ball, location: 2F 2-1: Ball 3-1: Base on Balls
|
|
Batting: SHB Craig Wright
|
0-0: Called Strike 0-1: Single, Error in OF, E8, batter to second base (Groundball, 6MD, EV 109.4 MPH) Robert Sayer to third
|
|
Pitching: RHP Chris Osting
|
|
|
Batting: LHB Gabe Harvey
|
0-0: Ball 1-0: Ball 2-0: Foul Ball, location: 2F 2-1: Ball 3-1: Foul Ball, location: 2F 3-2: Base on Balls
|
|
Batting: RHB Josh Nelson
|
0-0: Foul Ball, location: 2F 0-1: Ball 1-1: SINGLE (Groundball, 56, EV 95.0 MPH) Robert Sayer scores Craig Wright to third Gabe Harvey to second Runner from 3rd tries for Home, SAFE, throw by LF to home
|
|
Batting: LHB Umar Matoub
|
0-0: Called Strike 0-1: Ball 1-1: Grounds into double play, 4-6-3 (Groundball, 4, EV 81.3 MPH) Gabe Harvey to third
|
|
Batting: RHB Jonathan Sarles
|
0-0: Ball 1-0: Ball 2-0: Ground out 4-3 (Groundball, 4M, EV 80.0 MPH)
|
| Top of the 8th over - 2 runs, 2 hits, 1 error, 1 left on base; Helena 14 - Grand Junction 11 |
| BOTTOM OF THE 8TH |
|
Grand Junction Rockies batting - Pitching for Helena Brewers : RHP Alejandro Souto
|
|
Batting: RHB Doug D'Onofrio
|
0-0: Foul Ball, location: 2F 0-1: SINGLE (Line Drive, 6D, EV 98.1 MPH)
|
|
Batting: RHB Zakhar Edelman
|
0-0: Ball 1-0: Ball 2-0: Ball 3-0: Called Strike 3-1: Foul Ball, location: 2F 3-2: Fielders Choice at 2nd, 6-4 (Groundball, 6, EV 90.0 MPH)
|
|
Batting: LHB Harry Folsom
|
0-0: Ball 1-0: SINGLE (Line Drive, 89S, EV 89.4 MPH) Zakhar Edelman to second Runner from 2nd tries for 3rd, OUT! 9-5
|
|
Batting: RHB Bryce Hickman
|
0-0: Ball 1-0: Called Strike 1-1: Ball 2-1: Ground out 5-3 (Groundball, 56S, EV 84.4 MPH)
|
| Bottom of the 8th over - 0 runs, 2 hits, 0 errors, 1 left on base; Helena 14 - Grand Junction 11 |
| TOP OF THE 9TH |
|
Helena Brewers batting - Pitching for Grand Junction Rockies : RHP Chris Osting
|
|
Batting: SHB David Lass
|
0-0: Ball 1-0: Ground out U3 (Groundball, 3S, EV 86.9 MPH)
|
|
Batting: RHB Leo Serrano
|
0-0: Ball 1-0: Ball 2-0: DOUBLE (Line Drive, 9LD, EV 106.9 MPH)
|
|
Batting: RHB Nick Cummings
|
0-0: Ball 1-0: Ball 2-0: Ball 3-0: Called Strike 3-1: DOUBLE (Flyball, 8RXD, EV 98.8 MPH) Leo Serrano scores
|
|
Batting: SHB Robert Sayer
|
0-0: Called Strike 0-1: Called Strike Nick Cummings steals 3rd base 0-2: Ball 1-2: SINGLE (Line Drive, 5D, EV 98.8 MPH) Nick Cummings scores
|
|
Batting: SHB Craig Wright
|
0-0: Ball Robert Sayer steals 2nd base 1-0: Ball 2-0: Ground out U3 (Groundball, 3L, EV 78.8 MPH) Robert Sayer to third
|
|
Batting: LHB Gabe Harvey
|
0-0: Ball 1-0: Ball 2-0: Ground out 1-3 (Groundball, 13S, EV 72.5 MPH)
|
| Top of the 9th over - 2 runs, 3 hits, 0 errors, 1 left on base; Helena 16 - Grand Junction 11 |
| BOTTOM OF THE 9TH |
|
Grand Junction Rockies batting - Pitching for Helena Brewers : RHP Alejandro Souto
|
|
Batting: RHB Juan Figueroa
|
0-0: Foul Ball, location: 2F 0-1: Ball 1-1: Swinging Strike 1-2: Ball 2-2: Foul Ball, location: 2F 2-2: Ball 3-2: Fly out, F8 (Line Drive, 8LM, EV 94.4 MPH)
|
|
Batting: RHB John Boyer
|
0-0: Ball 1-0: Called Strike 1-1: Ball 2-1: Ground out 5-3 (Groundball, 5S, EV 86.3 MPH)
|
|
Batting: LHB Luke Coulter
|
0-0: Ball 1-0: Ball 2-0: Called Strike 2-1: Ball 3-1: Fly out, F4 (Flyball, 34D, EV 73.8 MPH)
|
| Bottom of the 9th over - 0 runs, 0 hits, 0 errors, 0 left on base; Helena 16 - Grand Junction 11 |
|